 Dungeon Crawl Stone Soup version 0.27-a0-978-g2aa4ecdaef (webtiles) character file.

Game seed: 5099672842910544107

9 tardwrangler69 the Chiller (level 2, -1/20 HPs)
             Began as a Draconian Ice Elementalist on Apr 14, 2021.
             Slain by Sigmund
             ... wielding a +0 scythe
              (5 damage)
             ... on level 2 of the Dungeon.
             The game lasted 00:00:42 (1244 turns).

tardwrangler69 the Chiller (DrIE)                   Turns: 1244, Time: 00:00:42

Health: -1/20      AC:  4    Str: 10    XL:     2   Next: 6%
Magic:  3/5        EV: 12    Int: 15    God:
Gold:   17         SH:  0    Dex: 11    Spells: 4/5 levels left

rFire    . . .     SeeInvis .   (no weapon)
rCold    . . .     Faith    .   (no shield)
rNeg     . . .     Spirit   .   (armour unavailable)
rPois    .         Reflect  .   (helmet restricted)
rElec    .         Harm     .   (no cloak)
rCorr    .         Rampage  .   (no gloves)
Will     .....                  (no boots)
Stlth    +.........             (no amulet)
HPRegen  0.06/turn              (no ring)
MPRegen  0.09/turn              (no ring)

@: confused
A: AC +4, unfitting armour, cold-blooded
a: no special abilities


You were on level 2 of the Dungeon.
You visited 1 branch of the dungeon, and saw 2 of its levels.

You collected 17 gold pieces.

Inventory:

Scrolls
 a - 3 scrolls of enchant weapon {unknown}
 e - a scroll of fear {unknown}
 f - a scroll of identify {unknown}
 g - a scroll of amnesia {unknown}
Potions
 b - a potion of mutation {unknown}
 c - a potion of curing {unknown}
 d - a potion of resistance {unknown}


   Skills:
 - Level 1.7 Dodging
 - Level 1.7 Stealth
 + Level 2.2 Spellcasting
 * Level 4.3 Ice Magic


You had 4 spell levels left.
You knew the following spells:

 Your Spells              Type           Power      Damage    Failure   Level
a - Freeze                Ice            56%        1d7       3%          1

Your spell library contained the following spells:

 Spells                   Type           Power      Damage    Failure   Level
 Frozen Ramparts          Ice            28%        1d4       11%         3
 Ozocubu's Armour         Ice            14%        N/A       11%         3
 Hailstorm                Conj/Ice       8%         3d4       65%         4
 Metabolic Englaciation   Hex/Ice        4%         N/A       94%         5


Dungeon Overview and Level Annotations

Branches:
Dungeon (2/15)

Altars:

Annotations:
D:2 Sigmund


Innate Abilities, Weirdness & Mutations

Your plain brown scales are hard. (AC +4)
You cannot fit into any form of body armour.
You are cold-blooded and may be slowed by cold attacks.


Message History

You now have 17 gold pieces (gained 11).
A rat comes into view.
A rat is nearby!
A rat is nearby!
A rat is nearby!
You see here 6 gold pieces.
Sigmund the Dreaded comes into view.
He is wielding a +0 scythe.
You hit the rat.
You kill the rat!
Sigmund hits you with a +0 scythe!
Ouch! That really hurt!
Casting: Freeze (safe; 3% risk of failure)
Confirm with . or Enter, or press ? or * to list all spells.
Aiming: Freeze (safe; 3% risk of failure)
Press: ? - help, Shift-Dir - straight line, f - Sigmund
Aim: Sigmund, wielding a +0 scythe and wearing a +0 robe You freeze Sigmund!
Sigmund is moderately wounded.
Sigmund misses you.
Casting: Freeze (safe; 3% risk of failure)
Confirm with . or Enter, or press ? or * to list all spells.
Aiming: Freeze (safe; 3% risk of failure)
Press: ? - help, Shift-Dir - straight line, f/p - Sigmund
Aim: Sigmund, wielding a +0 scythe and wearing a +0 robe (moderately wounded)
You freeze Sigmund.
Sigmund is moderately wounded.
Sigmund casts a spell at you.
You are confused.
You're too confused to cast spells.
Sigmund closely misses you.
You bump into the rock wall.
Sigmund casts a spell at you.
You are more confused.
A hobgoblin comes into view.
The hobgoblin shouts!
Sigmund closely misses you.
Sigmund hits you from afar with a +0 scythe.
* * * LOW HITPOINT WARNING * * *
Sigmund hits you with a +0 scythe.
You die...

.. #.# ##.##.#
...... #..#.###
......# #.#.#.#
#..####.#.#.# #
........@.#.##.#
....###..@.†...#
. #####.####
####...######
+............
####.$.######
##.## #.# ##.##


You could see Sigmund.

Vanquished Creatures
  A giant cockroach (D:1)
  A hobgoblin (D:1)
  2 ball pythons (D:1)
  A bat (D:1)
  A kobold (D:1)
  6 rats
12 creatures vanquished.

Notes
Turn   | Place    | Note
-------+----------+-------------------------------------------
     0 | D:1      | tardwrangler69 the Draconian Ice Elementalist began the
                  | quest for the Orb.
     0 | D:1      | Reached XP level 1. HP: 14/14 MP: 3/3
   555 | D:1      | Found a faded altar of an unknown god.
   785 | D:1      | Reached XP level 2. HP: 19/20 MP: 1/5
  1235 | D:2      | Noticed Sigmund
  1244 | D:2      | Slain by Sigmund

Illustrated notes

Levels and vault maps discovered:
D:1:      dpeg_arrival_ratfight, layout_loops_corners,
          shapermc_ecumenical_altar_starsandcircs
D:2:      layout_loops_corners, uniq_terence, uniq_crazy_yiuf_cottage,
          uniq_sigmund

Action                   || total
-------------------------++-------
Melee: Unarmed           ||    25
       Tailslap          ||     3
 Cast: Freeze            ||    10
Armor: Skin              ||     8
Dodge: Dodged            ||    23

Table legend: (Time is in decaauts)
 A = Elapsed time spent in this place.
 B = Non-inter-level travel time spent in this place.
 C = Inter-level travel time spent in this place.
 D = Time resting spent in this place.
 E = Time spent auto-exploring this place.
 F = Levels seen in this place.
 G = Mean time per level.
                   A        B        C        D        E       F      G
               +--------+--------+--------+--------+--------+-----+--------+
         Total |   1244 |   1184 |     60 |      0 |   1105 |   2 |  622.0 |
       Dungeon |   1244 |   1184 |     60 |      0 |   1105 |   2 |  622.0 |
               +--------+--------+--------+--------+--------+-----+--------+

Top non-repeatable levels by time:
     D:1: 1204 daAuts
     D:2: 39 daAuts
